 Dungeon Crawl Stone Soup version 0.29-a0-409-gd843f3a48c (webtiles) character file.

Game seed: 14368742211152109650

44 ptdevnull the Conjurer (level 3, -1/19 HPs)
             Began as a Deep Elf Conjurer on May 14, 2022.
             Slain by a kobold
             ... wielding a +0 short sword
              (3 damage)
             ... on level 2 of the Dungeon.
             The game lasted 00:03:33 (1471 turns).

ptdevnull the Conjurer (Deep Elf Conjurer)          Turns: 1471, Time: 00:03:34

Health: -1/19      AC:  2    Str:  4    XL:     3   Next: 41%
Magic:  4/10       EV: 12    Int: 24    God:
Gold:   39         SH:  0    Dex: 13    Spells: 3/10 levels left

rFire   . . .      SeeInvis .   b - +0 dagger
rCold   . . .      Faith    .   (no shield)
rNeg    . . .      Spirit   .   q - +0 robe
rPois   .          Reflect  .   (no helmet)
rElec   .          Harm     .   (no cloak)
rCorr   .          Rampage  .   (no gloves)
Will    .....                   (no boots)
Stlth   ++........              (no amulet)
HPRegen 0.06/turn               (no ring)
MPRegen 0.12/turn               (no ring)

@: no status effects
A: no striking features
a: no special abilities


You were on level 2 of the Dungeon.
You visited 1 branch of the dungeon, and saw 2 of its levels.

You collected 39 gold pieces.

Inventory:

Hand Weapons
 b - a +0 dagger (weapon)
 c - a +0 whip
Armour
 q - a +0 robe (worn)
Magical Staves
 a - a staff of conjuration
Jewellery
 f - a ring of protection from cold
Scrolls
 e - a scroll of identify {unknown}
 i - 3 scrolls of magic mapping {unknown}
 j - 2 scrolls of teleportation {unknown}
 m - a scroll of enchant armour {unknown}
 n - a scroll of fog {unknown}
 o - a scroll of vulnerability {unknown}
Potions
 d - a potion of flight {unknown}
 g - a potion of heal wounds {unknown}
 h - a potion of degeneration {unknown}
 k - a potion of magic
 l - a potion of ambrosia {unknown}
 p - a potion of berserk rage {unknown}


   Skills:
 - Level 2.4 Dodging
 - Level 2.4 Stealth
 + Level 4.3 Spellcasting
 + Level 5.1 Conjurations


You had 3 spell levels left.
You knew the following spells:

 Your Spells              Type           Power      Damage    Failure   Level
a - Magic Dart            Conj           100%       1d8       1%          1
b - Searing Ray           Conj           58%        2d6       1%          2
c - Ensorcelled Hibernat  Hex/Ice        10%        N/A       14%         2
d - Passwall              Tmut/Erth      4%         N/A       14%         2

Your spell library contained the following spells:

 Spells                   Type           Power      Damage    Failure   Level
 Dazzling Flash           Conj/Hex       34%        N/A       10%         3
 Frozen Ramparts          Ice            10%        1d3       28%         3
 Swiftness                Air            5%         N/A       28%         3
 Fulminant Prism          Conj/Hex       8%         3d7       32%         4
 Iskenderun's Mystic Bla  Conj/Tloc      17%        2d5       32%         4
 Ice Form                 Ice/Tmut       5%         N/A       67%         4
 Summon Ice Beast         Ice/Summ       5%         N/A       67%         4


Dungeon Overview and Level Annotations

Branches:
Dungeon (2/15)

Altars:
Hepliaklqana


Message History

You are frozen.
Casting: Magic Dart (safe; 1% risk of failure)
Confirm with . or Enter, or press ? or * to list all spells.
Aiming: Magic Dart (safe; 1% risk of failure)
Press: ? - help, Shift-Dir - straight line, f/p - endoplasm
Aim: an endoplasm (moderately wounded, 100% to hit)
You feel a surge of power!
The magic dart hits the endoplasm but does no damage.
The endoplasm is moderately wounded.
The endoplasm freezes you.
You are frozen.
Casting: Magic Dart (safe; 1% risk of failure)
Confirm with . or Enter, or press ? or * to list all spells.
Aiming: Ensorcelled Hibernation (safe; 14% risk of failure)
Press: ? - help, Shift-Dir - straight line, f/p - endoplasm
Aim: an endoplasm (moderately wounded, chance to affect: 56%)
The endoplasm looks drowsy...
b - a +0 dagger (weapon)
The endoplasm quivers.
The endoplasm freezes you.
You are frozen.
You hit the endoplasm.
The endoplasm is severely wounded.
The endoplasm hits you.
You hit the endoplasm but do no damage.
The endoplasm is severely wounded.
The endoplasm barely misses you.
You hit the endoplasm but do no damage.
The endoplasm is severely wounded.
The endoplasm freezes you.
You are frozen.
* * * LOW HITPOINT WARNING * * *
You hit the endoplasm.
You kill the endoplasm!
The kobold hits you with a +0 short sword.
* * * LOW HITPOINT WARNING * * *
You hit the kobold but do no damage. The kobold barely misses you.
You barely miss the kobold.
The kobold hits you with a +0 short sword.
You die...

#.....K..........
#............$..
#..!..)........
..............
##......)....
..##..###..# #.##
#.K# #@.# ###
#..####.#
#...##.<###
#.#..#....#
#.##....#.# #..
#.##.##.#.### #..
...#.##†....#
#.###
#....###.>..# ###
#... .)..##
###..#


You could see a kobold.

Vanquished Creatures
  2 adders
  A dart slug (D:1)
  3 ball pythons (D:2)
  2 endoplasms (D:2)
  3 giant cockroaches (D:1)
  A hobgoblin (D:1)
  2 jackals (D:1)
  3 bats
  2 frilled lizards (D:1)
  2 goblins (D:2)
  4 kobolds (D:1)
25 creatures vanquished.

Notes
Turn   | Place    | Note
-------+----------+-------------------------------------------
     0 | D:1      | ptdevnull the Deep Elf Conjurer began the quest for the
                  | Orb.
     0 | D:1      | Reached XP level 1. HP: 10/10 MP: 6/6
   286 | D:1      | Reached XP level 2. HP: 15/15 MP: 4/8
  1105 | D:2      | Learned a level 2 spell: Searing Ray
  1108 | D:2      | Learned a level 2 spell: Ensorcelled Hibernation
  1111 | D:2      | Learned a level 2 spell: Passwall
  1193 | D:2      | Found a hazy altar of Hepliaklqana.
  1232 | D:2      | Reached skill level 5 in Conjurations
  1232 | D:2      | Reached XP level 3. HP: 19/19 MP: 8/10
  1283 | D:2      | Found a faded altar of an unknown god.
  1471 | D:2      | Slain by a kobold

Illustrated notes

Levels and vault maps discovered:
D:1:      dpeg_chamrin_arrival_tetris, layout_basic, minmay_pentomino_s2
D:2:      layout_rooms, basic_altar, shapermc_ecumenical_altar_petra, uniq_robin

Skill      XL: |  1  2 |
---------------+-------+-----
Spellcasting   | 4 |  4.3
Conjurations   | 5 |  5.1
Dodging        | |  2.4
Stealth        | |  2.4

Action                   || total
-------------------------++-------
Melee: Whip              ||     1
       Dagger            ||     8
 Cast: Magic Dart        ||    39
       Ensorcelled Hiber ||     5
 Stab: Sleeping          ||     2
Armor: Robe              ||     1
Dodge: Dodged            ||    12

Table legend: (Time is in decaauts)
 A = Elapsed time spent in this place.
 B = Non-inter-level travel time spent in this place.
 C = Inter-level travel time spent in this place.
 D = Time resting spent in this place.
 E = Time spent auto-exploring this place.
 F = Levels seen in this place.
 G = Mean time per level.
                   A        B        C        D        E       F      G
               +--------+--------+--------+--------+--------+-----+--------+
         Total |   1469 |   1358 |    111 |    130 |   1063 |   2 |  734.5 |
       Dungeon |   1469 |   1358 |    111 |    130 |   1063 |   2 |  734.5 |
               +--------+--------+--------+--------+--------+-----+--------+

Top non-repeatable levels by time:
     D:1: 1152 daAuts
     D:2: 317 daAuts
